 Dungeon Crawl Stone Soup version 0.25-a0-1113-g0499d652a8 (webtiles) character file.

Game seed: 174827619537885891, levelgen mode: deterministic

305766 Gwenloh the Warrior (level 20, -4/193 HPs)
             Began as a Minotaur Fighter on May 16, 2020.
             Was the Champion of Qazlal.
             Killed by divine providence
             ... invoked by a daeva
              (12 damage)
             ... on level 2 of the Abyss.
             The game lasted 03:49:22 (38373 turns).

Gwenloh the Warrior (Minotaur Fighter)             Turns: 38373, Time: 03:49:23

Health: -4/193     AC: 24    Str: 22    XL:     20   Next: 29%
Magic:  28/28      EV: 18    Int:  6    God:    Qazlal [******]
Gold:   3498       SH: 32    Dex: 20    Spells: 19/19 levels left

rFire    x . .     SeeInvis .   Z - +2 war axe (vamp)
rCold    + + .     Gourm    .   Y - +3 tower shield
rNeg     . . .     Faith    .   K - +0 ice dragon scales
rPois    +         Spirit   .   (helmet restricted)
rElec    .         Reflect  .   r - scarf {harm}
rCorr    .         Harm     .   e - +2 pair of gloves
MR       +....                  s - +1 pair of boots of the Slorg {Dex+3}
Stlth    ..........             w - amulet of regeneration
HPRegen  0.82/turn              t - ring of poison resistance
MPRegen  0.21/turn              D - +4 ring of protection

@: protected from physical damage, corroded, repel missiles
A: retaliatory headbutt, horns 2, low mp 1
}: 2/15 runes: decaying, serpentine
a: Upheaval, Elemental Force, Disaster Area, Renounce Religion


You were on level 2 of the Abyss.
You worshipped Qazlal.
Qazlal was exalted by your worship.
You were not hungry.

You visited 8 branches of the dungeon, and saw 36 of its levels.
You visited the Abyss 3 times.
You also visited: Ice Cave and Volcano.

You collected 5938 gold pieces.
You spent 2440 gold pieces at shops.

Inventory:

Hand Weapons
 a - a +7 war axe of electrocution
 b - a +2 trident of venom
 Z - a +2 vampiric war axe (weapon)
Missiles
 j - 724 stones (quivered)
Armour
 e - a +2 pair of gloves (worn)
 r - a scarf of harm (worn)
 s - the +1 pair of boots of the Slorg (worn) {Dex+3}
   (You found it on level 1 of the Elven Halls)

   It affects your dexterity (+3).
 K - +0 ice dragon scales (worn)
 L - +0 swamp dragon scales
 M - +0 acid dragon scales
 N - the +0 ring mail of the Crypt {rPois rC- Regen+ Str+2}
   (You found it on level 6 of the Dungeon)

   It affects your strength (+2).
   It makes you vulnerable to cold.
   It protects you from poison.
   It increases your rate of regeneration.
 Y - a +3 tower shield (worn)
Jewellery
 t - a ring of poison resistance (left hand)
 w - an amulet of regeneration (around neck)
 C - an uncursed ring of see invisible
 D - a +4 ring of protection (right hand)
 H - an uncursed amulet of reflection
 O - an uncursed ring of protection from fire
 V - an uncursed ring of protection from fire
Wands
 c - a wand of clouds (15)
 l - a wand of iceblast (29)
 G - a wand of disintegration (3)
 I - a wand of acid (12)
 J - a wand of random effects (31)
 P - a wand of paralysis (28)
 T - a wand of digging (7)
 U - a wand of flame (39)
Scrolls
 h - 7 scrolls of fear
 k - 9 scrolls of blinking
 o - 5 scrolls of teleportation
 u - 10 scrolls of fog
 v - 5 scrolls of magic mapping
 F - 5 scrolls of identify
 Q - 2 scrolls of silence
 R - 20 scrolls of remove curse
 W - a scroll of holy word
Potions
 d - 4 potions of might
 i - 10 potions of curing
 m - 2 potions of magic
 n - 4 potions of flight
 p - 8 potions of mutation
 q - 3 potions of resistance
 y - 2 potions of cancellation
 z - 2 potions of ambrosia
 A - 2 potions of stabbing
 B - a potion of brilliance
 S - 9 potions of haste
Miscellaneous
 X - a lightning rod (4/4)
Comestibles
 f - 70 rations
 x - a chunk of flesh


   Skills:
 * Level 20.2 Fighting
 * Level 20.0 Axes
 + Level 15.3 Armour
 + Level 13.7 Dodging
 + Level 15.3 Shields
 * Level 16.9 Invocations


You had 19 spell levels left.
You didn't know any spells.
Your spell library contained the following spells:

 Spells                   Type           Power        Failure   Level  Hunger
 Animate Skeleton         Necr           N/A          98%         1    ##.....
 Apportation              Tloc           #.....       98%         1    ##.....
 Beastly Appendage        Tmut           #.....       98%         1    ##.....
 Corona                   Hex            #......      98%         1    ##.....
 Foxfire                  Conj/Fire      #...         98%         1    ##.....
 Freeze                   Ice            #...         98%         1    ##.....
 Infusion                 Chrm           #...         98%         1    ##.....
 Magic Dart               Conj           #...         98%         1    ##.....
 Pain                     Necr           #...         98%         1    ##.....
 Summon Small Mammal      Summ           #...         98%         1    ##.....
 Blink                    Tloc           N/A          99%         2    ###....
 Call Imp                 Summ           #.......     99%         2    ###....
 Corpse Rot               Necr/Air       N/A          99%         2    ###....
 Ensorcelled Hibernation  Hex/Ice        #.....       99%         2    ###....
 Shroud of Golubria       Chrm/Tloc      #.....       99%         2    ###....
 Slow                     Hex            #.......     99%         2    ###....
 Song of Slaying          Chrm           #.......     99%         2    ###....
 Sticks to Snakes         Tmut           #.......     99%         2    ###....
 Sublimation of Blood     Necr           #.........   99%         2    ###....
 Call Canine Familiar     Summ           #.......     100%        3    ####...
 Confusing Touch          Hex            #.......     100%        3    ####...
 Conjure Flame            Conj/Fire      #.......     100%        3    ####...
 Dazzling Flash           Conj/Hex       #.....       100%        3    ####...
 Frozen Ramparts          Ice            #.....       100%        3    ####...
 Gell's Gravitas          Tloc           #.........   100%        3    ####...
 Inner Flame              Hex/Fire       #.......     100%        3    ####...
 Mephitic Cloud           Conj/Pois/Air  #.......     100%        3    ####...
 Ozocubu's Armour         Chrm/Ice       #.......     100%        3    ####...
 Portal Projectile        Hex/Tloc       #.....       100%        3    ####...
 Spectral Weapon          Hex/Chrm       #.......     100%        3    ####...
 Spider Form              Tmut/Pois      #.........   100%        3    ####...
 Tukima's Dance           Hex            #.......     100%        3    ####...
 Vampiric Draining        Necr           #.........   100%        3    ####...
 Animate Dead             Necr           N/A          100%        4    #####..
 Cause Fear               Hex            #.........   100%        4    #####..
 Dispel Undead            Necr           #.......     100%        4    #####..
 Hailstorm                Conj/Ice       #.......     100%        4    #####..
 Ice Form                 Ice/Tmut       #.......     100%        4    #####..
 Leda's Liquefaction      Hex/Erth       #.........   100%        4    #####..
 Petrify                  Tmut/Erth      #.......     100%        4    #####..
 Sticky Flame             Conj/Fire      #.......     100%        4    #####..
 Summon Ice Beast         Ice/Summ       #.......     100%        4    #####..
 Agony                    Necr           #.......     100%        5    ######.
 Blade Hands              Tmut           #.........   100%        5    ######.
 Excruciating Wounds      Chrm/Necr      #.........   100%        5    ######.
 Fireball                 Conj/Fire      #.........   100%        5    ######.
 Metabolic Englaciation   Hex/Ice        #.........   100%        5    ######.
 Yara's Violent Unravell  Hex/Tmut       #.........   100%        5    ######.
 Freezing Cloud           Conj/Ice/Air   #.........   100%        6    #######


Dungeon Overview and Level Annotations

Branches:
Dungeon (15/15)            Temple (1/1) D:5            Lair (6/6) D:10
  Swamp (4/4) Lair:4        Snake (4/4) Lair:4        Slime (1/5) Lair:5
    Orc (2/2) D:10            Elf (3/3) Orc:2        Vaults (0/5) D:13
 Depths (0/5) D:15          IceCv (visited)         Volcano (visited)

Altars:
Ashenzari
Cheibriados
Dithmenos
Elyvilon
Fedhas
Gozag
Hepliaklqana
Kikubaaqudgha
Makhleb
Nemelex Xobeh
Okawaru
Qazlal
Ru
Sif Muna
Trog
Uskayaw
Vehumet
Wu Jian
Xom
Yredelemnul
Zin
The Shining One
Jiyva

Shops:
D:5 *   D:7 [   D:8 =   D:10 !   D:11 (   D:12 }   D:13 !   D:14 [   Orc:2 }((?
Elf:2 *}??   Snake:1 }

Annotations:
Lair:3 exclusion: 3 oklob plants
Snake:2 3 runed translucent doors, UristMcRaven's ghost, adept DECj
Snake:3 1 runed translucent door, Qeojih's ghost, adept GnVM


Innate Abilities, Weirdness & Mutations

You reflexively headbutt those who attack you in melee.
You have a pair of horns on your head.
Your magical capacity is low. (-10% MP)


Message History

A large abomination comes into view.
The deep elf sorcerer casts a spell at you.
The bolt of acid hits you!
* * * LOW HITPOINT WARNING * * *
You are splashed with acid!
* * * LOW HITPOINT WARNING * * *
A sky beast comes into view.
The sky beast flickers out of sight!
Deactivating autopickup; reactivate with Ctrl-A.
You block the large abomination's attack.
The deep elf sorcerer casts a spell at you.
The bolt of acid hits you!
* * * LOW HITPOINT WARNING * * *
The acid corrodes you!
You are splashed with acid!
* * * LOW HITPOINT WARNING * * *
The deep elf sorcerer howls an incantation.
The deep elf sorcerer glows brightly for a moment.
The daeva calls down the wrath of the Shining One upon you.
The Shining One smites you!
You die...

#. #.# .. .. #. ..
#.#.# .. .# #.>.###
. ##..# ....##.##.
. .. # #○#.## #. #
.. #.##.X#.##.. . #
#..@..§.#.# #.#.#
#.§#○.e## ##.##.##
#.§...°.3Ax........
...#...○.Re##...#..
# #.###...#.....#.
.?. .( #.
#.[..#...#..##....
.
##.#.##..##..#...#.
.........'...# # .
..#......#.#.# . .


You could see a daeva, a rakshasa, 2 deep elf sorcerers, a large abomination, a
smoke demon and a small abomination.

Vanquished Creatures
  Nikola (Swamp:4)
  Jorgrun (D:12)
  A tentacled monstrosity (Abyss:3)
  A deep elf blademaster (Elf:2)
  2 tentacled starspawn (Abyss:3)
  7 acid blobs (Lair:5)
  3 thorn hunters
  Kirke (Elf:1)
  11 nagarajas
  4 azure jellies
  Louise (D:15)
  A deep elf sorcerer (Elf:1)
  Aizul (Snake:1)
  A deep elf elementalist (Elf:3)
  A very ugly thing (Swamp:4)
  5 deep elf demonologists
  3 deep elf annihilators
  Azrael (Snake:2)
  3 dire elephants
  A deep elf death mage (Elf:1)
  Snorg (Orc:1)
  Fannar (Lair:3)
  2 deep elf high priests (Elf:3)
  A rakshasa (D:15)
  2 ghost crabs
  24 naga warriors
  Erica (D:8)
  22 hydras
  2 ice dragons (IceCv)
  8 anacondas
  8 two-headed ogres
  2 catoblepae (Lair:5)
  6 centaur warriors
  10 alligators
  3 shambling mangroves
  A death yak (Lair:4)
  A tengu warrior (D:15)
  An ogre mage (D:15)
  25 naga sharpshooters
  23 dancing weapons
  2 spriggan berserkers (Swamp:4)
  8 shock serpents
  A sun demon (Abyss:3)
  6 orc high priests (Orc:2)
  15 deep elf knights
  Sonja (D:11)
  2 sea snakes (Snake:1)
  4 salamander mystics (Snake:4)
  A spriggan druid (Swamp:3)
  A deep troll (D:13)
  3 unseen horrors
  10 swamp dragons
  8 naga ritualists
  4 wizards
  A harpy (shapeshifter) (D:13)
  A wolf spider zombie (D:14)
  6 deep elf archers
  16 mana vipers
  16 ugly things
  4 cyclopes
  4 manticores
  An orc sorcerer (Orc:1)
  6 orc knights
  9 elephants
  7 salamanders
  49 deep elf magi
  2 ice statues (IceCv)
  36 black mambas
  An apocalypse crab (Abyss:2)
  2 rust devils (D:9)
  Maurice (Orc:1)
  Psyche (D:12)
  13 guardian serpents
  20 naga magi
  2 gargoyles
  An orange demon (Abyss:2)
  23 spiny frogs
  3 torpor snails
  3 centaur skeletons
  7 komodo dragons
  4 rime drakes
  An efreet (Volcano)
  3 kobold demonologists
  A yaktaur (D:15)
  A queen bee (Lair:3)
  5 trolls
  2 ancient zymes (Abyss:3)
  2 large abominations (Abyss:3)
  9 hornets
  A queen bee (shapeshifter) (D:13)
  16 blink frogs
  16 slime creatures
  10 tyrant leeches
  A raiju (Abyss:3)
  11 bog bodies
  Prince Ribbit (Lair:1)
  A hippogriff (shapeshifter) (D:15)
  4 dream sheep (Lair:6)
  14 hippogriffs
  Sigmund (D:6)
  3 spriggans (Swamp:3)
  3 shadows
  8 wyverns
  2 wraiths
  87 yaks
  2 air elementals (Elf:3)
  6 water elementals
  6 fire elementals
  2 steam dragons
  19 vampire mosquitoes
  4 basilisks
  4 hogs (Elf:1)
  Grum (D:9)
  3 hungry ghosts (D:10)
  A chaos spawn (Abyss:3)
  A swamp worm (shapeshifter) (Elf:2)
  A warg (Orc:1)
  9 insubstantial wisps
  11 swamp worms
  An acid dragon (D:14)
  11 water moccasins
  65 nagas
  4 porcupines
  9 hell hounds
  4 sky beasts
  18 swamp drakes
  5 black bears
  32 orc warriors
  2 necrophages
  26 ice beasts
  3 phantoms
  An eye of draining (D:13)
  12 starcursed masses (Abyss:3)
  8 wolves
  14 ogres
  15 centaurs
  13 crocodiles
  5 big kobolds
  22 bullfrogs
  3 earth elementals
  A gnoll sergeant (D:8)
  2 scorpions
  A troll zombie (D:10)
  A water moccasin skeleton (D:10)
  28 killer bees
  2 small abominations
  A howler monkey (D:6)
  An electric eel (Snake:1)
  2 centaur zombies
  4 crimson imps
  2 bullfrog zombies
  2 quasits
  2 gnoll shamans
  7 hounds
  2 bullfrog skeletons
  22 orc priests
  A jelly (D:13)
  10 orc wizards
  7 iguanas
  6 hell rats
  8 worker ants
  5 ogre zombies (D:10)
  A howler monkey zombie (D:10)
  A worker ant zombie (D:7)
  14 adders
  19 gnolls
  6 shadow imps
  An ufetubus (Abyss:2)
  2 oozes
  A worm (D:2)
  5 leopard geckos
  86 orcs
  A ball python (D:5)
  4 goblins
  8 hobgoblins
  12 jackals
  24 kobolds
  3 quokkas
  10 bats
  9 frilled lizards
  3 goblin skeletons (D:10)
  3 goblin zombies (D:10)
  A hobgoblin zombie (D:10)
  A jackal skeleton (D:5)
  A jackal zombie (D:6)
  A leopard gecko skeleton (D:7)
  2 orc skeletons (D:10)
  10 orc zombies (D:10)
  A quokka zombie (D:5)
  6 rats
  2 fungi
  A lurking horror (Abyss:2)
  7 plants
1408 creatures vanquished.

Vanquished Creatures (collateral kills)
  A tentacled monstrosity (Swamp:2)
  A nagaraja (Snake:4)
  A naga sharpshooter (Snake:4)
  A naga ritualist (Snake:4)
  An orc knight (Orc:1)
  A naga (Snake:4)
  A swamp drake (Swamp:4)
  An orc warrior (Orc:1)
  An orc (Orc:1)
9 creatures vanquished.

Vanquished Creatures (others)
  A shock serpent (Snake:3)
  A wretched star (Abyss:3)
  A deep elf archer (Elf:2)
  A deep elf mage (Elf:1)
  2 humans (Elf:1)
  A vampire mosquito (Swamp:3)
  A naga (Snake:4)
  A swamp worm (Swamp:4)
  A quasit (Abyss:3)
  An orc wizard (Orc:1)
  An ufetubus (Abyss:2)
  A bush (Lair:5)
  23 fungi
  A lurking horror (Abyss:3)
  11 plants
  2 starspawn tentacles (Abyss:3)
50 creatures vanquished.

Grand Total: 1467 creatures vanquished

Notes
Turn   | Place    | Note
-------+----------+-------------------------------------------
     0 | D:1      | Gwenloh the Minotaur Fighter began the quest for the Orb.
     0 | D:1      | Reached XP level 1. HP: 19/19 MP: 0/0
   115 | D:1      | Reached XP level 2. HP: 26/27 MP: 1/1
   391 | D:1      | Found a shimmering altar of Xom.
   856 | D:2      | Reached skill level 1 in Dodging
   892 | D:2      | Reached XP level 3. HP: 33/33 MP: 2/2
  1159 | D:2      | Found a stormy altar of Qazlal.
  1185 | D:2      | Became a worshipper of Qazlal Stormbringer
  1390 | D:2      | Reached XP level 4. HP: 41/41 MP: 3/3
  1864 | D:3      | Reached skill level 5 in Fighting
  2016 | D:3      | Reached XP level 5. HP: 47/48 MP: 4/4
  2612 | D:3      | Found a sparkling altar of Nemelex Xobeh.
  2782 | D:4      | Noticed an ogre
  2789 | D:4      | Killed an ogre
  2794 | D:4      | Reached XP level 6. HP: 30/56 MP: 5/5
  3136 | D:4      | Reached * piety under Qazlal
  3617 | D:5      | Entered Level 5 of the Dungeon
  3641 | D:5      | Found Okyonem's Assorted Antiques.
  3647 | D:5      | Bought a scroll of identify for 62 gold pieces
  3720 | D:5      | Noticed an ice beast
  3732 | D:5      | Killed an ice beast
  3732 | D:5      | Reached skill level 5 in Armour
  3732 | D:5      | Reached skill level 5 in Shields
  3732 | D:5      | Reached skill level 1 in Invocations
  3757 | D:5      | Reached XP level 7. HP: 63/63 MP: 6/6
  3803 | D:5      | Found a staircase to the Ecumenical Temple.
  4279 | Temple   | Entered the Ecumenical Temple
  4406 | D:6      | Got a distressingly furry ring mail
  4458 | D:6      | Noticed Sigmund
  4472 | D:6      | Killed Sigmund
  4472 | D:6      | Reached skill level 5 in Axes
  4734 | D:6      | Reached XP level 8. HP: 73/73 MP: 7/9
  5093 | D:6      | Reached ** piety under Qazlal
  5294 | D:7      | Found Wehotz's Armour Shoppe.
  5329 | D:6      | Identified the +0 ring mail of the Crypt {rPois rC- Regen+
                  | Str+2} (You found it on level 6 of the Dungeon)
  5550 | D:7      | Found a white marble altar of Elyvilon.
  5569 | D:7      | Reached XP level 9. HP: 81/81 MP: 11/11
  5906 | D:8      | Found an iron altar of Okawaru.
  6045 | D:8      | Reached *** piety under Qazlal
  6059 | D:8      | Reached skill level 5 in Invocations
  6082 | D:8      | Noticed Erica
  6094 | D:8      | Killed Erica
  6094 | D:8      | Reached skill level 5 in Dodging
  6215 | D:8      | Reached XP level 10. HP: 91/91 MP: 13/13
  6452 | D:8      | Found a burning altar of Makhleb.
  6454 | D:8      | Noticed a green death
  6491 | D:8      | Found a shattered altar of Ashenzari.
  6695 | D:8      | Found Ypolic's Jewellery Boutique.
  6973 | D:9      | Noticed Grum
  6980 | D:9      | Killed Grum
  7000 | D:9      | Noticed a two-headed ogre
  7009 | D:9      | Killed a two-headed ogre
  7069 | D:9      | Reached skill level 10 in Fighting
  7120 | D:9      | Found a hide-covered altar of Uskayaw.
  7131 | D:9      | Noticed a +0 dagger
  7131 | D:9      | Noticed a +0 hand axe
  7181 | D:9      | Found a faded altar of an unknown god.
  7181 | D:9      | Found an opulent altar of Gozag.
  7186 | D:9      | Found an ancient bone altar of Kikubaaqudgha.
  7188 | D:9      | Found a glowing golden altar of the Shining One.
  7190 | D:9      | Found a faded altar of an unknown god.
  7229 | D:8      | Noticed a rust devil
  7229 | D:8      | Noticed a rust devil
  7243 | D:9      | Killed a rust devil
  7245 | D:9      | Killed a rust devil
  7402 | D:9      | Found a glowing silver altar of Zin.
  7542 | D:10     | Entered Level 10 of the Dungeon
  7542 | D:10     | Found Sehaf's Distillery.
  7633 | D:10     | Reached XP level 11. HP: 83/101 MP: 15/15
  7983 | D:10     | Reached **** piety under Qazlal
  8076 | D:10     | Found a staircase to the Orcish Mines.
  8412 | D:10     | Reached skill level 10 in Axes
  8565 | D:10     | Found a staircase to the Lair.
  8682 | Lair:1   | Entered Level 1 of the Lair of Beasts
  8796 | Lair:1   | Noticed Prince Ribbit
  8806 | Lair:1   | Killed Prince Ribbit
  9788 | Lair:2   | Found a glowing silver altar of Zin.
  9809 | Lair:2   | Noticed a six-headed hydra
  9825 | Lair:2   | Killed a six-headed hydra
 10195 | Lair:2   | Found the +8 arc blade {discharge, rElec}
 10593 | Lair:3   | Noticed a five-headed hydra
 10805 | Lair:3   | Reached XP level 12. HP: 112/112 MP: 17/17
 10837 | Lair:3   | Reached ***** piety under Qazlal
 11091 | Lair:3   | Noticed Fannar
 11126 | Lair:3   | Killed a six-headed hydra
 11242 | Lair:3   | Killed Fannar
 11943 | Lair:4   | Noticed a death yak
 11956 | Lair:4   | Killed a death yak
 11973 | Lair:4   | Noticed a six-headed hydra
 11983 | Lair:4   | Killed a six-headed hydra
 12015 | Lair:4   | Found a dark tunnel.
 12021 | Volcano  | Entered a volcano
 12405 | Lair:4   | Reached skill level 10 in Invocations
 12442 | Lair:4   | Noticed an eight-headed hydra
 12446 | Lair:4   | Killed an eight-headed hydra
 12446 | Lair:4   | Reached XP level 13. HP: 122/122 MP: 10/19
 12463 | Lair:4   | Reached skill level 10 in Armour
 12476 | Lair:4   | Reached skill level 10 in Shields
 12949 | Lair:4   | Found a staircase to the Swamp.
 13081 | Lair:4   | Found a staircase to the Snake Pit.
 13560 | Lair:5   | Found a runed translucent door.
 13561 | Lair:5   | Found a viscous altar of Jiyva.
 13561 | Lair:5   | Noticed an acid blob
 13561 | Lair:5   | Noticed an acid blob
 13561 | Lair:5   | Noticed an acid blob
 13562 | Lair:5   | Noticed an acid blob
 13562 | Lair:5   | Noticed an acid blob
 13563 | Lair:5   | Found a staircase to the Slime Pits.
 13563 | Lair:5   | Noticed an acid blob
 14307 | Lair:6   | Entered Level 6 of the Lair of Beasts
 14699 | Lair:6   | Reached XP level 14. HP: 94/132 MP: 21/21
 16294 | Orc:1    | Entered Level 1 of the Orcish Mines
 16304 | Orc:1    | Noticed Snorg
 16323 | Orc:1    | Killed Snorg
 16339 | Orc:1    | Noticed Maurice
 16408 | D:10     | Cast into level 2 of the Abyss (unwielding a weapon of
                  | distortion)
 16537 | D:10     | Escaped the Abyss
 16546 | Orc:1    | Killed Maurice
 16881 | Orc:2    | Entered Level 2 of the Orcish Mines
 16881 | Orc:2    | Found a staircase to the Elven Halls.
 17445 | Orc:2    | Reached skill level 15 in Fighting
 17651 | Orc:2    | Found Nuuguocw's Magic Scroll Shoppe.
 17654 | Orc:2    | Found Hich's Weapon Emporium.
 17655 | Orc:2    | Found Usiuxy's Gadget Shoppe.
 17656 | Orc:2    | Found Wuajoz's Antique Weapon Shoppe.
 17663 | Orc:2    | Bought a scroll of enchant armour for 112 gold pieces
 17663 | Orc:2    | Bought a scroll of blinking for 112 gold pieces
 17663 | Orc:2    | Identified a scroll of acquirement
 17973 | D:11     | Noticed Sonja
 18019 | D:11     | Upgraded the game from 0.25-a0-1079-g858b6a6ff6 to
                  | 0.25-a0-1113-g0499d652a8
 18051 | D:11     | Found a frozen archway.
 18111 | IceCv    | Entered an ice cave
 18239 | IceCv    | Reached skill level 10 in Dodging
 18798 | D:11     | Reached XP level 15. HP: 137/141 MP: 23/23
 18815 | D:11     | Killed Sonja
 18882 | D:11     | Found Susibih's Weapon Boutique.
 19270 | D:12     | Noticed Psyche
 19277 | D:12     | Killed Psyche
 19386 | D:12     | Identified the +1 ring mail "Unoasty" {rF+}
 19534 | D:12     | Noticed Jorgrun
 19547 | D:12     | Killed Jorgrun
 19877 | D:12     | Found Gaddoj's Gadget Boutique.
 20237 | D:13     | Reached skill level 15 in Axes
 20269 | D:13     | Found Nuicar's Distillery.
 20340 | D:13     | Bought a potion of heal wounds for 60 gold pieces
 20340 | D:13     | Bought a potion of heal wounds for 60 gold pieces
 20340 | D:13     | Bought a potion of resistance for 120 gold pieces
 20340 | D:13     | Bought a potion of curing for 36 gold pieces
 20340 | D:13     | Bought a potion of curing for 36 gold pieces
 20539 | D:13     | Found a gate to the Vaults.
 21583 | D:14     | Cast into level 3 of the Abyss (a wizard)
 21586 | Abyss:3  | Found a corrupted altar of Lugonu.
 21682 | Abyss:3  | Noticed a tentacled starspawn
 21684 | Abyss:3  | Noticed a tentacled starspawn
 21691 | Abyss:3  | Killed a tentacled starspawn
 21699 | Abyss:3  | Killed a tentacled starspawn
 21962 | Abyss:3  | Noticed a tentacled monstrosity
 21970 | Abyss:3  | Killed a tentacled monstrosity
 21983 | Abyss:3  | Noticed a tentacled starspawn
 21985 | Abyss:3  | Gained mutation: Your magical capacity is low. (-10% MP) [a
                  | neqoxec]
 22062 | D:14     | Escaped the Abyss
 22068 | D:14     | Reached XP level 16. HP: 95/152 MP: 22/22
 22276 | D:14     | Found Camyof's Antique Armour Boutique.
 22284 | D:14     | Bought acid dragon scales for 1280 gold pieces
 22822 | D:15     | Entered Level 15 of the Dungeon
 22830 | D:15     | Found a shattered altar of Ashenzari.
 22862 | D:15     | Noticed Louise
 22894 | D:15     | Killed Louise
 23672 | D:15     | Found a staircase to the Depths.
 24007 | Swamp:1  | Entered Level 1 of the Swamp
 25019 | Swamp:2  | Noticed a tentacled monstrosity
 25028 | Swamp:2  | Killed a tentacled monstrosity
 25052 | Swamp:2  | Noticed a thorn hunter
 25068 | Swamp:2  | Killed a thorn hunter
 25816 | Swamp:2  | Found a shimmering altar of Xom.
 26271 | Swamp:3  | Noticed a thorn hunter
 26289 | Swamp:3  | Killed a thorn hunter
 26325 | Swamp:3  | Reached XP level 17. HP: 161/161 MP: 23/23
 27050 | Swamp:4  | Entered Level 4 of the Swamp
 27446 | Swamp:4  | Noticed Nikola
 27490 | Swamp:4  | Killed Nikola
 28037 | Swamp:4  | Got a decaying rune of Zot
 28353 | Snake:1  | Entered Level 1 of the Snake Pit
 28492 | Snake:1  | Noticed Aizul
 28521 | Snake:1  | Killed Aizul
 28929 | Snake:1  | Found Lusmod's Gadget Shoppe.
 29603 | Snake:2  | Reached ****** piety under Qazlal
 29667 | Snake:2  | Reached skill level 15 in Invocations
 29752 | Snake:2  | Noticed Azrael
 29766 | Snake:2  | Killed Azrael
 29984 | Snake:2  | Found a bloodstained altar of Trog.
 30043 | Snake:2  | Reached XP level 18. HP: 170/172 MP: 25/25
 30062 | Snake:2  | Found a runed translucent gate.
 30062 | Snake:2  | Found a runed translucent gate.
 30062 | Snake:2  | Found a runed translucent gate.
 30062 | Snake:2  | Noticed UristMcRaven's ghost (adept DECj)
 31071 | Snake:3  | Found a runed translucent door.
 31076 | Snake:3  | Noticed Qeojih's ghost (adept GnVM)
 32068 | Snake:4  | Entered Level 4 of the Snake Pit
 32915 | Snake:4  | Reached XP level 19. HP: 92/182 MP: 3/26
 33238 | Snake:4  | Got a serpentine rune of Zot
 33721 | Slime:1  | Entered Level 1 of the Pits of Slime
 34490 | Elf:1    | Entered Level 1 of the Elven Halls
 34661 | Elf:1    | Noticed Kirke
 34675 | Elf:1    | Killed Kirke
 34892 | Elf:1    | Reached skill level 15 in Shields
 35191 | Elf:1    | Identified the Disquisition on Supportive Damage Dealing
 35217 | Elf:1    | Got a pair of faintly humming boots
 35223 | Elf:1    | Identified the +1 pair of boots of the Slorg {Dex+3} (You
                  | found it on level 1 of the Elven Halls)
 35397 | Elf:1    | Reached skill level 15 in Armour
 35966 | Elf:2    | Found Comem's Magic Scroll Shop.
 35966 | Elf:2    | Found Ybyhunou's General Store.
 35979 | Elf:2    | Found Umumil's Magic Scroll Shop.
 35980 | Elf:2    | Found Peomaph's Gadget Boutique.
 36019 | Elf:2    | Bought a scroll of enchant armour for 105 gold pieces
 36019 | Elf:2    | Bought 3 scrolls of enchant weapon for 315 gold pieces
 36039 | Elf:2    | Bought a scroll of blinking for 142 gold pieces
 36101 | Elf:2    | Found a runed translucent gate.
 36101 | Elf:2    | Found a runed translucent gate.
 36101 | Elf:2    | Found a runed translucent gate.
 36369 | Elf:2    | Reached XP level 20. HP: 182/193 MP: 28/28
 36981 | Elf:3    | Entered Level 3 of the Elven Halls
 38227 | Elf:3    | Cast into level 2 of the Abyss (a deep elf demonologist)
 38372 | Abyss:2  | HP: 7/193 [acid (13)]
 38373 | Abyss:2  | Killed from afar by a daeva

Illustrated notes

Levels and vault maps discovered:
D:1:      ncdulo_watergridlock, layout_loops_ring, xom_teletrap_fun
D:2:      layout_basic, grunt_qazlal_clouds
D:3:      layout_loops_ring, lemuel_doored_altar, first_ration, serial_bayou,
          serial_bayou_shore_a, serial_bayou_lake_a, serial_bayou_pond_a,
          serial_bayou_shore_b
D:4:      layout_cave_pools
D:5:      layout_cave_pools, minmay_temple_entry_grid, serial_shops, shop
D:6:      layout_basic, uniq_sigmund
D:7:      layout_rooms, nicolae_overflow_crystal_walls, serial_shops, shop
D:8:      cheibrodos_iron_armory, layout_basic, makhleb_altar_promises_db,
          kennysheep_mini_moat, kennysheep_little_box, serial_glass,
          glass_columns_a, glass_columns_c, feat_on_display, item_on_display_a,
          minmay_strange_pillars, due_unseen_surprise, serial_shops,
          nicolae_shop_trees, blue_anna_alchemist [blue_anna_fruit_fields,
          blue_anna_fruit_fields], uniq_erica
D:9:      layout_big_octagon, dancing_weapons_uskayaw, kennysheep_mini,
          chequers_temple_overflow_minitemple, uniq_grum
D:10:     layout_loops_ring, erik_lair_dragon, zombieorc1_lemuel, serial_shops,
          nicolae_shop_waterfront, minmay_fractal_squares_diagonal_5
D:11:     layout_roguey, portal_ice_cave_entry_ice_beasts, serial_shops,
          nicolae_shop_trees, uniq_sonja
D:12:     layout_loops_ring, serial_shops,
          nicolae_shop_temple_entry_statues_fountains, uniq_jorgrun, uniq_psyche
D:13:     layout_irregular_city, david_vaults_4, serial_shops,
          nicolae_shop_behind_doors, kennysheep_cluttered_room, feat_on_display
D:14:     layout_irregular_city, serial_shops, shop, nrook_mini_vaults
D:15:     grunt_enter_depths_magical_seal, layout_irregular_city, basic_altar,
          uniq_louise
Temple:   eino_temple_lava
Lair:1:   layout_long_grid, grunt_forest_small_clearing_treed,
          uniq_prince_ribbit2
Lair:2:   layout_layer_cave, basic_altar
Lair:3:   layout_loops_ring, special_room [special_room_bee], lemuel_fruit_tree,
          serial_bayou_shore_b, minmay_lair_oklob_chamber, serial_bayou_shore_b,
          uniq_fannar
Lair:4:   layout_big_grid, minmay_swamp_entry_worms,
          minmay_snake_entry_guardpost_medium, gauntlet_entry_generic,
          enter_volcano_3, serial_bayou_shore_b, grunt_megastairs_5
Lair:5:   nzn_motion_control, layout_loops_ring, slime_altar_2,
          grunt_megastairs_3
Lair:6:   due_jungle_book, layout_concentric_octagons
Swamp:1:  layout_basic_swamp, evilmike_swamp_ruin_house_3, swamp_pool1,
          infiniplex_staircase_pool_2
Swamp:2:  layout_basic_swamp, nicolae_swamp_godswood, swamp_pool1
Swamp:3:  layout_falls_marsh, serial_swamp_ruin, evilmike_swamp_ruin_house_1,
          evilmike_swamp_ruin_house_2, evilmike_swamp_ruin_rubble_2, swamp_pool2
Swamp:4:  swamp_basic_johnstein, layout_basic_swamp, swamp_pool2, uniq_nikola
Snake:1:  layout_grid_maze, serial_shops, nicolae_shop_statue_plus,
          statue_in_the_mist_lemuel, guppyfry_snake_island, uniq_aizul
Snake:2:  layout_misc_corridors, ebering_ghost_rock_garden, basic_altar,
          st_stairs_12, grunt_ministairs_4, serial_bayou_shore_b, uniq_azrael
Snake:3:  nicolae_cobra_stairs, layout_chambers, ebering_ghost_reflecting_pool
Snake:4:  johnstein_snake_rune_scales, layout_misc_corridors, grunt_megastairs_1
Slime:1:  layout_caves, cheibrodos_slime_lost_civilization_5
Orc:1:    layout_caves, uniq_snorg, uniq_maurice
Orc:2:    st_orc_pillars, layout_diamond_mine
Elf:1:    layout_rooms, serial_corexii_hall, chequers_hall_statues_wall_a,
          chequers_hall_statues_corner_a, minmay_elf_sorcery,
          grunt_ministairs_11, uniq_kirke
Elf:2:    layout_geoelf_diagonals, minmay_shoptagon
Elf:3:    minmay_elf_hall_hex, layout_onion_city
Abyss:2:  base: Lair:1, evilmike_abyss_exit_vortex, evilmike_abyss_exit_5,
          hangedman_eye_storm, base: Snake:3, minivault_22

Skill      XL: |  1  2  3  4  5  6  7  8  9 10 11 12 13 14 15 16 17 18 19 20 |
---------------+-------------------------------------------------------------+-----
Fighting       | 4 5 6 7 8 9 10 11 13 14 15 16 17 18 19 20 | 20.2
Dodging        | 1 2 3 4 5 6 7 8 9 10 11 12 13 | 13.7
Armour         | 4 5 6 7 8 9 10 11 12 13 14 15 | 15.3
Shields        | 4 5 6 7 8 9 10 11 12 13 14 15 | 15.3
Axes           | 3 4 5 6 8 9 11 12 13 14 15 16 17 18 19 20 | 20.0
Invocations    | 1 2 4 5 7 8 10 11 12 13 14 15 16 | 16.9

Action                   |  1- 3 |  4- 6 |  7- 9 | 10-12 | 13-15 | 16-18 | 19-21 || total
-------------------------+-------+-------+-------+-------+-------+-------+-------++-------
Melee: War axe           |    86 |   142 |   184 |   507 |  1096 |  1381 |   603 ||  3999
       Headbutt          |     8 |    19 |    46 |   137 |   365 |   382 |   160 ||  1117
       Spear             |       |       |       |    23 |    15 |     8 |       ||    46
       Battleaxe         |       |       |       |       |    24 |       |       ||    24
       Trident           |       |       |       |       |       |    68 |       ||    68
       Unarmed           |       |       |       |       |       |       |     2 ||     2
Throw: Stone             |    53 |    79 |    76 |   158 |   157 |   302 |    39 ||   864
       Javelin           |       |       |    55 |    76 |       |       |       ||   131
       Boomerang         |       |       |       |       |   220 |       |       ||   220
       Dart              |       |       |       |       |    12 |       |       ||    12
Invok: Upheaval          |       |       |       |     9 |    31 |    15 |     8 ||    63
       Elemental Force   |       |       |       |     1 |     3 |     4 |       ||     8
       Disaster Area     |       |       |       |     1 |       |     2 |       ||     3
Evoke: Wand              |       |       |       |       |     5 |    19 |    15 ||    39
  Use: Scroll            |       |    14 |     2 |    13 |    17 |     4 |     9 ||    59
       Potion            |       |       |       |     1 |     9 |     2 |     8 ||    20
 Stab: Distracted        |       |       |       |       |     1 |     1 |       ||     2
       Confused          |       |       |       |       |       |     1 |       ||     1
  Eat: Chunk             |     2 |     7 |     9 |    18 |    31 |    24 |     8 ||    99
       Ration            |       |       |       |     1 |       |     4 |     3 ||     8
Armor: Scale mail        |    37 |    62 |    28 |       |       |       |       ||   127
       Ring mail         |       |       |    22 |    92 |   157 |    49 |       ||   320
       Ice dragon scales |       |       |       |       |       |   253 |    35 ||   288
       Acid dragon scale |       |       |       |       |       |       |    83 ||    83
Dodge: Dodged            |    22 |    47 |    62 |   189 |   331 |   369 |   193 ||  1213
       Repelled          |       |       |       |     1 |     9 |    71 |    11 ||    92
Block: Kite shield       |    40 |    89 |   153 |   524 |   972 |    70 |       ||  1848
       Other             |       |       |       |       |     6 |       |     1 ||     7
       Tower shield      |       |       |       |       |       |  1725 |   714 ||  2439

Table legend:
 A = Non-vault XP
 B = Vault XP
 C = Vault XP percentage of total XP
 D = Non-vault monster count
 E = Vault monster count
 F = Vault count percentage of total count
                 A         B        C        D         E       F
            +---------+---------+-------+---------+---------+-------
      Total |  313884 |  193032 |  38.1 |    1013 |     403 |  28.5
            +---------+---------+-------+---------+---------+-------
        D:1 |      29 |       0 |   0.0 |      19 |       0 |   0.0
        D:2 |      95 |       0 |   0.0 |      20 |       0 |   0.0
        D:3 |     143 |       0 |   0.0 |      23 |       0 |   0.0
        D:4 |     267 |       0 |   0.0 |       9 |       0 |   0.0
        D:5 |     541 |       0 |   0.0 |      18 |       0 |   0.0
        D:6 |    1075 |     231 |  17.7 |      19 |       1 |   5.0
        D:7 |     892 |       0 |   0.0 |      23 |       0 |   0.0
        D:8 |    1634 |    1312 |  44.5 |      26 |       4 |  13.3
        D:9 |    2664 |    1319 |  33.1 |      19 |       5 |  20.8
       D:10 |    1093 |    2593 |  70.3 |      14 |      39 |  73.6
       D:11 |    4000 |    1867 |  31.8 |      23 |       9 |  28.1
       D:12 |    4785 |    3702 |  43.6 |      55 |       2 |   3.5
       D:13 |   12668 |    2685 |  17.5 |      63 |       4 |   6.0
       D:14 |   15373 |       0 |   0.0 |      32 |       0 |   0.0
       D:15 |   10241 |    8568 |  45.6 |      22 |      13 |  37.1
     Lair:1 |    1304 |     789 |  37.7 |       9 |       3 |  25.0
     Lair:2 |    2770 |       0 |   0.0 |       9 |       0 |   0.0
     Lair:3 |    8176 |    3716 |  31.2 |      31 |      28 |  47.5
     Lair:4 |   12929 |    1968 |  13.2 |      31 |      11 |  26.2
     Lair:5 |   18617 |   18374 |  49.7 |      39 |      15 |  27.8
     Lair:6 |   19416 |    2932 |  13.1 |      70 |       5 |   6.7
    Swamp:1 |    8461 |       0 |   0.0 |      24 |       0 |   0.0
    Swamp:2 |   17104 |       0 |   0.0 |      37 |       0 |   0.0
    Swamp:3 |   19674 |    2966 |  13.1 |      45 |       3 |   6.2
    Swamp:4 |    8092 |   16413 |  67.0 |      25 |      20 |  44.4
    Snake:1 |   16444 |    3138 |  16.0 |      31 |       4 |  11.4
    Snake:2 |   15638 |    4417 |  22.0 |      30 |      12 |  28.6
    Snake:3 |   27767 |   14601 |  34.5 |      48 |      17 |  26.2
    Snake:4 |   19712 |   39634 |  66.8 |      40 |      64 |  61.5
      Orc:1 |    2367 |    2806 |  54.2 |      36 |       4 |  10.0
      Orc:2 |    2306 |    9487 |  80.4 |      22 |      60 |  73.2
      Elf:1 |   21692 |   10569 |  32.8 |      33 |      16 |  32.7
      Elf:2 |   11933 |   23226 |  66.1 |      22 |      28 |  56.0
      Elf:3 |    9113 |    8364 |  47.9 |      15 |       7 |  31.8
    Abyss:2 |    1018 |       0 |   0.0 |       5 |       0 |   0.0
    Abyss:3 |   13851 |     807 |   5.5 |      26 |       5 |  16.1
      IceCv |       0 |    5368 | 100.0 |       0 |      20 | 100.0
    Volcano |       0 |    1180 | 100.0 |       0 |       4 | 100.0
            +---------+---------+-------+---------+---------+-------
